 Dungeon Crawl Stone Soup version 0.29-a0-542-g075992c915 (webtiles) character file.

Game seed: 16856713076581112689

18 Sweetruy1997 the Skirmisher (level 2, -2/24 HPs)
             Began as a Demonspawn Chaos Knight on June 4, 2022.
             Was a Plaything of Xom.
             Slain by an ice devil (15 damage)
             ... summoned by Xom
             ... on level 2 of the Dungeon.
             The game lasted 00:02:04 (1061 turns).

Sweetruy1997 the Skirmisher (DsCK)                  Turns: 1061, Time: 00:02:05

Health: -2/24      AC:  6    Str: 12    XL:     2   Next: 51%
Magic:  2/2        EV: 11    Int: 13    God:    Xom [......]
Gold:   101        SH:  4    Dex: 12    Spells: 1/1 levels left

rFire   . . .      SeeInvis .   a - +0 falchion (chaos)
rCold   . . .      Faith    .   (no shield)
rNeg    . . .      Spirit   .   b - +2 leather armour
rPois   .          Reflect  .   (no helmet)
rElec   .          Harm     .   (no cloak)
rCorr   .          Rampage  .   g - +0 pair of gloves
Will    .....                   (no boots)
Stlth   +.........              (no amulet)
HPRegen 0.08/turn               (no ring)
MPRegen 0.08/turn               (no ring)

@: no status effects
A: condensation shield
a: Renounce Religion


You were on level 2 of the Dungeon.
You worshipped Xom.
You were a very special plaything of Xom.
You visited 1 branch of the dungeon, and saw 2 of its levels.

You collected 101 gold pieces.

Inventory:

Hand Weapons
 a - a +0 falchion of chaos (weapon)
Armour
 b - a +2 leather armour (worn)
 g - a +0 pair of gloves (worn)
Scrolls
 e - a scroll of noise {unknown}
 i - a scroll of teleportation {unknown}
 j - a scroll of identify {unknown}
Potions
 d - a potion of lignification {unknown}
 f - a potion of heal wounds {unknown}
 h - a potion of degeneration {unknown}
 k - 2 potions of might {unknown}
Miscellaneous
 c - a piece from Xom's chessboard (13/15) (quivered)


   Skills:
 + Level 3.3 Fighting
 + Level 3.1 Long Blades
 - Level 2.0 Armour
 + Level 0.8 Dodging


You had one spell level left.
You didn't know any spells.
Your spell library contained the following spells:

 Spells                   Type           Power      Damage    Failure   Level
 Scorch                   Fire           0%         2d5       52%         2
 Call Canine Familiar     Summ           0%         N/A       75%         3
 Portal Projectile        Hex/Tloc       0%         N/A       75%         3
 Flame Wave               Conj/Fire      0%         2d4       98%         4
 Leda's Liquefaction      Hex/Erth       0%         N/A       98%         4
 Summon Cactus Giant      Summ           0%         N/A       100%        6


Dungeon Overview and Level Annotations

Branches:
Dungeon (2/15)

Altars:

Shops:
D:1 =


Innate Abilities, Weirdness & Mutations

A meltable shield of frost defends you. (SH +4)


Message History

You kill the ball python!
No target in view!
HP restored.
You see here a ball python corpse.
A frilled lizard comes into view.
You closely miss the frilled lizard. The frilled lizard bites you.
The frilled lizard closely misses you.
You closely miss the frilled lizard.
The frilled lizard bites you but does no damage.
You hit the frilled lizard but do no damage.
The frilled lizard seems to slow down.
You barely miss the frilled lizard.
The frilled lizard bites you but does no damage.
A frilled lizard is nearby!
You hit the frilled lizard.
You kill the frilled lizard!
No target in view!
You swap places.
Found a stone staircase leading up.
You now have 68 gold pieces (gained 15).
You now have 77 gold pieces (gained 9).
You now have 84 gold pieces (gained 7).
You swap places.
You now have 92 gold pieces (gained 8).
You now have 101 gold pieces (gained 9).
You open the door.
There is an open door here.
Found a stone staircase leading down.
Found 5 poisoned darts.
You swap places.
You open the door.
There is an open door here.
There is an open door here.
There is an open door here. "Let's see if it's strong enough to survive yet."
You make a move on Xom's chessboard...
The ice devil resists with almost no effort.
The ice devil hits you! The ice devil freezes you!
Ouch! That really hurt!
You die...

#########..........
#..†.............
#.#####.#........
#.# #.#........ #.#
#.#........ #.#
#.#........ #.#
#.######## ###.#
#.#########.# ....#
#.#....4@5..# ###.#
#.#'#######.# #####
#.....# .# #.....#
.########.....#
..............#
.###..##......#
.#....##..#+###
.#.#.###....#


You could see an ice devil (summoned) and a white imp (summoned).

Vanquished Creatures
  2 endoplasms (D:1)
  A goblin (D:1)
  A hobgoblin (D:1)
  4 jackals (D:1)
  A quokka (D:1)
  2 ball pythons
  2 bats (D:1)
  A frilled lizard (D:2)
  2 rats
16 creatures vanquished.

Notes
Turn   | Place    | Note
-------+----------+-------------------------------------------
     0 | D:1      | Sweetruy1997 the Demonspawn Chaos Knight began the quest
                  | for the Orb.
     0 | D:1      | Reached XP level 1. HP: 18/18 MP: 1/1
   246 | D:1      | Found Oreongynt's Jewellery Shop.
   250 | D:1      | XOM: potion effect (invisibility)
   324 | D:1      | Gained mutation: A meltable shield of frost defends you.
                  | (SH +4) [demonic ancestry]
   324 | D:1      | Reached XP level 2. HP: 24/24 MP: 2/2
   678 | D:1      | XOM: silly message
  1060 | D:2      | XOM: summons 2 hostile demons
  1061 | D:2      | Noticed an ice devil
  1061 | D:2      | Slain by an ice devil

Illustrated notes

Levels and vault maps discovered:
D:1:      onia_arrival_pyramid, layout_basic, serial_shops, shop,
          serial_bayou_pond_a
D:2:      layout_basic, basic_ecumenical_altar, basic_altar

Skill      XL: |  1  2 |
---------------+-------+-----
Long Blades    | 3 |  3.1
Armour         | 2 |  2.0
Fighting       | |  3.3
Dodging        | |  0.8

Action                   || total
-------------------------++-------
Melee: Falchion          ||    44
Evoke: Piece from Xom's  ||     3
Armor: Leather armour    ||     9
Dodge: Dodged            ||    34
Block: Other             ||     4

Table legend: (Time is in decaauts)
 A = Elapsed time spent in this place.
 B = Non-inter-level travel time spent in this place.
 C = Inter-level travel time spent in this place.
 D = Time resting spent in this place.
 E = Time spent auto-exploring this place.
 F = Levels seen in this place.
 G = Mean time per level.
                   A        B        C        D        E       F      G
               +--------+--------+--------+--------+--------+-----+--------+
         Total |   1068 |   1032 |     36 |      0 |    908 |   2 |  534.0 |
       Dungeon |   1068 |   1032 |     36 |      0 |    908 |   2 |  534.0 |
               +--------+--------+--------+--------+--------+-----+--------+

Top non-repeatable levels by time:
     D:1: 755 daAuts
     D:2: 312 daAuts
